AoeStats
← Eli

Arena

510519761Analyzed
4v4 RM · 11h ago on Oct 1, 2026· 51m 29s· 8 players
Game mode
Random Map
Map size
Large (8 player)
Population
200
Speed
Normal
Resources
Standard
Victory
Conquest
Starting age
Dark Age
Ending age
Imperial Age
RankedLock teamsTeams togetherTeam positionsShared explorationLock speedFull tech treeHidden civsTurbo modeCheats
Victory
Defeat
🇫🇷 Persians · France
1789
+13
🇨🇳 Mongols · China
1772
+14
🇷🇺 Georgians · Russia
1682
+17
🇵🇰 Danes · Pakistan
1671
+18
🇨🇳 Danes · China
1895
-23
🇨🇳 Britons · China
1834
-20
🇨🇳 Persians · China
1580
-10
🇨🇳 Franks · China
1558
-9
Bro Creation
10:28 Feudal Age
14:27 Castle Age
14:02 Double-Bit Axe
14:55 Light Cavalry
15:41 Husbandry
18:38 Loom
21:10 Bow Saw
23:02 Wheelbarrow
22:16 Horse Collar
23:11 Heavy Plow
24:46 Hand Cart
24:48 Town Watch
28:57 Imperial Age
27:10 Scale Mail Armor
27:42 Squires
27:28 Gambesons
27:29 Arson
28:32 Forging
28:37 Chain Mail Armor
28:18 Man-at-Arms
29:57 Iron Casting
29:17 Elite Varangian Guard
29:55 Long Swordsman
30:11 Capped Ram
30:59 Two-Handed Swordsman
32:42 Blast Furnace
32:08 Onager
33:30 Plate Mail Armor
32:56 Champion
33:39 Hamask
34:01 Siege Ram
36:26 Coinage
36:18 Gold Mining
36:19 Stone Mining
39:28 Banking
38:58 Caravan
38:31 Siege Onager
40:54 Pikeman
42:46 Conscription
42:04 Northmen's Fury
42:09 Halberdier
45:02 Siege Engineers
45:07 Masonry
46:01 Chemistry
=)Svanhilde
10:38 Feudal Age
14:05 Castle Age
11:51 Double-Bit Axe
12:10 Horse Collar
15:13 Bow Saw
15:03 Heavy Plow
20:49 Wheelbarrow
23:11 Heavy Plow
23:58 Hand Cart
24:46 Loom
24:47 Town Watch
27:16 Scale Barding Armor
27:22 Forging
31:15 Imperial Age
28:38 Gold Mining
28:48 Stone Mining
30:01 Chain Barding Armor
30:42 Gold Shaft Mining
30:44 Stone Shaft Mining
30:42 Coinage
31:16 Iron Casting
31:22 Husbandry
31:33 Bloodlines
31:00 Elite War Elephant
32:35 Conscription
33:08 Plate Barding Armor
34:19 Blast Furnace
33:52 Ballistics
33:23 Fletching
34:58 Masonry
36:07 Two-Man Saw
35:37 Crop Rotation
36:06 Bodkin Arrow
36:57 Scale Mail Armor
36:17 Pikeman
36:58 Squires
37:10 Halberdier
38:16 Chain Mail Armor
38:53 Architecture
39:24 Chemistry
41:59 Plate Mail Armor
45:06 Guilds
45:27 Banking
48:03 Light Cavalry
49:36 Hussar
Eli
10:11 Feudal Age
13:50 Castle Age
11:57 Double-Bit Axe
12:17 Horse Collar
12:25 Loom
15:16 Bow Saw
19:12 Wheelbarrow
21:40 Hand Cart
21:32 Gold Mining
21:44 Heavy Plow
21:40 Stone Mining
22:35 Town Watch
22:36 Loom
28:05 Imperial Age
26:30 Fletching
26:49 Town Patrol
27:24 Ballistics
26:44 Treadmill Crane
28:25 Masonry
28:11 Bodkin Arrow
28:10 Guard Tower
28:58 Bracer
28:47 Arrowslits
30:03 Chemistry
29:09 Svan Towers
29:25 Conscription
30:23 Hoardings
30:04 Siege Engineers
30:29 Architecture
30:57 Crop Rotation
31:33 Keep
31:29 Architecture
31:20 Murder Holes
38:43 Caravan
40:40 Forging
48:20 Fortified Wall
50:29 Hoardings
十大地方
11:05 Feudal Age
12:25 Double-Bit Axe
14:55 Castle Age
13:29 Horse Collar
15:57 Bow Saw
18:26 Loom
19:47 Gold Mining
20:47 Wheelbarrow
19:58 Town Watch
20:29 Fletching
22:06 Bodkin Arrow
24:16 Stone Mining
27:46 Imperial Age
25:34 Stone Mining
25:50 Heavy Plow
26:30 Padded Archer Armor
27:27 Leather Archer Armor
28:44 Gold Shaft Mining
28:27 Hand Cart
30:24 Bracer
31:37 Conscription
33:30 Ballistics
34:11 Chemistry
35:40 Conscription
35:49 Capped Ram
36:51 Drill
36:41 Siege Ram
37:37 Siege Ram
39:29 Fortified Wall
39:56 Heavy Camel Rider
40:46 Bloodlines
40:37 Husbandry
40:43 Scale Barding Armor
40:48 Forging
40:20 Onager
40:42 Elite Mangudai
42:46 Caravan
42:17 Light Cavalry
44:07 Chain Barding Armor
43:59 Hussar
50:53 Iron Casting
50:40 Thumb Ring
51:01 Parthian Tactics
50:23 Heavy Cavalry Archer
温蒂
9:43 Feudal Age
11:17 Double-Bit Axe
14:06 Castle Age
12:04 Horse Collar
15:10 Bow Saw
15:01 Heavy Plow
15:52 Wheelbarrow
21:18 Gold Mining
25:05 Hand Cart
27:55 Imperial Age
25:39 Padded Archer Armor
25:29 Fletching
25:35 Stone Mining
26:28 Bodkin Arrow
26:27 Loom
26:29 Town Watch
26:48 Padded Archer Armor
27:18 Ballistics
28:51 Bracer
29:52 Chemistry
28:59 Siege Engineers
31:01 Warwolf
31:44 Masonry
32:13 Gold Shaft Mining
31:46 Elite Longbowman
32:49 Conscription
33:25 Fortified Wall
33:46 Architecture
33:54 Hoardings
33:18 Pikeman
33:59 Squires
34:00 Scale Mail Armor
34:10 Forging
34:39 Leather Archer Armor
35:21 Chain Mail Armor
35:29 Leather Archer Armor
35:06 Halberdier
36:32 Murder Holes
37:16 Plate Mail Armor
37:09 Guard Tower
37:05 Arrowslits
38:52 Ring Archer Armor
38:58 Iron Casting
40:44 Blast Furnace
41:24 Two-Man Saw
42:02 Yeomen
42:30 Caravan
42:40 Guilds
42:42 Sappers
46:00 Keep
45:05 Treadmill Crane
51:06 Arson
DT-Johnson【东】
10:32 Feudal Age
11:15 Double-Bit Axe
14:06 Castle Age
15:06 Bow Saw
21:12 Wheelbarrow
22:27 Gold Mining
27:47 Imperial Age
25:35 Hand Cart
25:57 Scale Barding Armor
26:02 Forging
25:43 Loom
25:44 Town Watch
26:48 Gold Shaft Mining
26:58 Chain Barding Armor
26:49 Forging
27:16 Husbandry
28:51 Cavalier
30:50 Plate Barding Armor
30:51 Iron Casting
30:13 Paladin
31:17 Devotion
31:47 Town Patrol
35:23 Blast Furnace
36:14 Stone Mining
37:18 Caravan
38:40 Coinage
39:52 Banking
46:52 Light Cavalry
啥牌子的
10:34 Feudal Age
14:03 Castle Age
12:06 Double-Bit Axe
12:42 Horse Collar
15:34 Bow Saw
20:32 Heavy Plow
23:07 Wheelbarrow
23:39 Gold Mining
26:33 Scale Barding Armor
26:40 Forging
27:13 Hand Cart
26:43 Town Watch
29:34 Imperial Age
27:35 Chain Barding Armor
27:59 Husbandry
28:09 Bloodlines
28:38 Gold Shaft Mining
27:55 Stone Mining
28:02 Loom
29:10 Iron Casting
29:41 Stone Shaft Mining
30:36 Plate Barding Armor
31:02 Blast Furnace
29:23 Cavalier
30:42 Conscription
31:28 Two-Man Saw
30:58 Savar
33:56 Crop Rotation
33:35 Elite War Elephant
34:38 Light Cavalry
36:22 Town Patrol
38:47 Coinage
40:26 Hoardings
42:57 Caravan
43:27 Banking
CNZS_Bad Koala
12:14 Feudal Age
13:01 Horse Collar
13:07 Double-Bit Axe
16:03 Castle Age
16:54 Heavy Plow
17:06 Bow Saw
17:50 Wheelbarrow
18:46 Hand Cart
22:40 Town Watch
23:53 Gold Mining
24:04 Stone Mining
25:37 Gold Shaft Mining
25:40 Stone Shaft Mining
26:49 Scale Mail Armor
27:00 Forging
29:23 Imperial Age
27:54 Chain Mail Armor
28:06 Loom
28:32 Masonry
28:37 Squires
28:23 Arson
28:02 Hamask
29:24 Onager
29:28 Elite Jomsviking
30:40 Plate Mail Armor
30:18 Capped Ram
32:11 Iron Casting
31:57 Conscription
33:44 Chemistry
32:22 Onager
33:51 Siege Onager
35:16 Siege Ram
37:22 Siege Engineers
37:28 Northmen's Fury
42:04 Hoardings
41:21 Fletching
43:03 Hoardings
45:06 Caravan
48:59 Bodkin Arrow
Connection lost

Rejoining the realm…

Still unreachable

The connection could not be restored.

Session expired

The server has moved on; the page needs a fresh start.